 Dungeon Crawl Stone Soup version 0.27-a0-1290-g15d3ce7508 (webtiles) character file.

Game seed: 6787432677935000125

56 Glokmah the Poker (level 3, -11/29 HPs)
             Began as a Demonspawn Monk on June 15, 2021.
             Mangled by an ice beast (13 damage)
             ... on level 2 of the Dungeon.
             The game lasted 00:04:14 (2457 turns).

Glokmah the Poker (Demonspawn Monk)                 Turns: 2457, Time: 00:04:14

Health: -11/29     AC:  5    Str: 12    XL:     3   Next: 71%
Magic:  1/3        EV: 12    Int: 11    God:
Gold:   99         SH:  0    Dex: 15    Spells: 0/3 levels left

rFire    . . .     SeeInvis .   a - +0 spear
rCold    . . .     Faith    .   (no shield)
rNeg     . . .     Spirit   .   b - +0 robe
rPois    .         Reflect  .   m - +2 hat
rElec    .         Harm     +   g - scarf {harm}
rCorr    .         Rampage  .   i - +0 pair of gloves
Will     .....                  (no boots)
Stlth    ++........             (no amulet)
HPRegen  0.09/turn              (no ring)
MPRegen  0.16/turn              (no ring)

@: no status effects
A: spiny 1, magic regeneration
a: no special abilities


You were on level 2 of the Dungeon.
You visited 1 branch of the dungeon, and saw 3 of its levels.

You collected 99 gold pieces.

Inventory:

Hand Weapons
 a - a +0 spear (weapon)
 h - a +0 antimagic spear
Missiles
 j - 5 boomerangs (quivered)
 l - 16 stones
 p - 4 javelins
Armour
 b - a +0 robe (worn)
 g - a scarf of harm (worn)
 i - a +0 pair of gloves (worn)
 m - a +2 hat (worn)
Jewellery
 e - a ring of ice
Scrolls
 d - a scroll of amnesia {unknown}
 f - 3 scrolls of identify {unknown}
 k - a scroll of teleportation {unknown}
Potions
 c - a potion of haste {unknown}
 n - a potion of brilliance {unknown}
 o - a potion of berserk rage {unknown}
 q - a potion of cancellation {unknown}


   Skills:
 + Level 3.3 Fighting
 + Level 3.4 Polearms
 + Level 1.1 Armour
 - Level 2.6 Dodging
 - Level 1.7 Stealth
 + Level 0.6 Spellcasting
 * Level 0.9 Hexes


You couldn't memorise any spells.
You knew the following spells:

 Your Spells              Type           Power      Damage    Failure   Level
a - Confusing Touch       Hex            2%         N/A       56%         3

Your spell library contained the following spells:

 Spells                   Type           Power      Damage    Failure   Level
 Corona                   Hex            2%         N/A       24%         1
 Ensorcelled Hibernation  Hex/Ice        2%         N/A       38%         2
 Tukima's Dance           Hex            2%         N/A       56%         3
 Dazzling Flash           Conj/Hex       2%         N/A       63%         3


Dungeon Overview and Level Annotations

Branches:
Dungeon (3/15)

Altars:

Shops:
D:2 [

Annotations:
D:1 Terence


Innate Abilities, Weirdness & Mutations

You are partially covered in sharp spines.
You regenerate magic rapidly.


Message History

The ball python is struck by your spines.
You kill the ball python!
No target in view!
Found a flail.
You see here a +0 flail.
Done exploring.
Done exploring.
There is a stone staircase leading down here.
You climb downwards.
An ice beast and a dart slug come into view.
Found a hand axe.
Found an escape hatch in the ceiling.
There is a stone staircase leading up here.
The ice beast hits you but does no damage.
You climb upwards.
There is a stone staircase leading down here.
Casting: Confusing Touch (extremely dangerous; 56% risk of failure)
Confirm with . or Enter, or press ? or * to list all spells.
The spell is extremely dangerous to cast (56% risk of failure)!
Continue anyway?
You miscast Confusing Touch.
You are very lightly contaminated with residual magic.
Nothing appears to happen.
The ice beast hits you but does no damage.
Your magical contamination has completely faded away.
Casting: Confusing Touch (extremely dangerous; 56% risk of failure)
Confirm with . or Enter, or press ? or * to list all spells.
The spell is extremely dangerous to cast (56% risk of failure)!
Continue anyway?
Your hands begin to glow red.
The ice beast barely misses you.
You hit the ice beast but do no damage. The ice beast barely misses you.
You barely miss the ice beast. The ice beast hits you.
The ice beast freezes you!
You hit the ice beast but do no damage. You hit the ice beast but do no damage.
The ice beast hits you. The ice beast freezes you.
* * * LOW HITPOINT WARNING * * *
You hit the ice beast but do no damage. The ice beast misses you.
You hit the ice beast but do no damage.
The ice beast appears confused.
The ice beast hits you.
* * * LOW HITPOINT WARNING * * *
The ice beast freezes you!
You die...

....######.................##...#
....#..................########.#
....#.#####............# #.#
....#.# #............# #.#
....#.#####............# #.#
....#........########### #.#
............># #.#
...#########.####### #.# ...#
#......Y@..# #.# ...##
#.##.#####.# #.# ....#
#.#.....##.####### #.# ....#
#.#..##.##.#.....# #.# ....#
#.#.....##.#.###.# #.# ....#
#.#.######.#.# #.# #.# ....#
#.#..........# #.# #.# ....#
#.########.#####.######.# ....#
#.................#......


You could see an ice beast (confused).

Vanquished Creatures
  Jessica (D:2)
  An adder (D:2)
  3 bats (D:1)
  An endoplasm (D:1)
  2 giant cockroaches (D:1)
  A goblin (D:2)
  A hobgoblin (D:2)
  A quokka (D:2)
  5 ball pythons
  4 frilled lizards (D:2)
  A kobold (D:1)
  3 rats
24 creatures vanquished.

Notes
Turn   | Place    | Note
-------+----------+-------------------------------------------
     0 | D:1      | Glokmah the Demonspawn Monk began the quest for the Orb.
     0 | D:1      | Reached XP level 1. HP: 18/18 MP: 1/1
   335 | D:1      | Gained mutation: You regenerate magic rapidly. [demonic
                  | ancestry]
   335 | D:1      | Reached XP level 2. HP: 24/24 MP: 2/2
   825 | D:2      | Noticed Terence
   950 | D:2      | Found Saofriak's Antique Armour Boutique.
  1462 | D:2      | Noticed Jessica
  1511 | D:2      | Killed Jessica
  1512 | D:2      | Reached skill level 1 in Armour
  1512 | D:2      | Gained mutation: You are partially covered in sharp spines.
                  | [demonic ancestry]
  1512 | D:2      | Reached XP level 3. HP: 11/29 MP: 3/3
  1815 | D:2      | Learned a level 3 spell: Confusing Touch
  1884 | D:2      | Found a faded altar of an unknown god.
  2421 | D:3      | Noticed an ice beast
  2457 | D:2      | Mangled by an ice beast

Illustrated notes

Levels and vault maps discovered:
D:1:      dpeg_arrival_central, layout_basic, minmay_octomino_j4
D:2:      layout_basic, serial_shops, shop,
          chequers_ecumenical_altar_simple_redux, uniq_jessica, uniq_terence
D:3:      layout_loops_ring, amcnicky_altar_gilded,
          gammafunk_temple_overflow_claw, uniq_sigmund

Skill      XL: |  1  2 |
---------------+-------+-----
Polearms       | 3 |  3.4
Armour         | 1 |  1.1
Fighting       | |  3.3
Dodging        | |  2.6
Stealth        | |  1.7
Spellcasting   | |  0.6
Hexes          | |  0.9

Action                   || total
-------------------------++-------
Melee: Spear             ||    89
Throw: Boomerang         ||     6
 Cast: Confusing Touch   ||     1
  Use: Potion            ||     1
 Stab: Sleeping          ||    12
Armor: Robe              ||    13
Dodge: Dodged            ||    34

Table legend: (Time is in decaauts)
 A = Elapsed time spent in this place.
 B = Non-inter-level travel time spent in this place.
 C = Inter-level travel time spent in this place.
 D = Time resting spent in this place.
 E = Time spent auto-exploring this place.
 F = Levels seen in this place.
 G = Mean time per level.
                   A        B        C        D        E       F      G
               +--------+--------+--------+--------+--------+-----+--------+
         Total |   2457 |   2178 |    279 |    378 |   1305 |   3 |  819.0 |
       Dungeon |   2457 |   2178 |    279 |    378 |   1305 |   3 |  819.0 |
               +--------+--------+--------+--------+--------+-----+--------+

Top non-repeatable levels by time:
     D:2: 1357 daAuts
     D:1: 1099 daAuts
     D:3: 1 daAuts
